 Dungeon Crawl Stone Soup version 0.17-a0-1910-g4c791fa (webtiles) character file.

168 barthelm the Cutter (level 5, -4/33 HPs)
             Began as a Kobold Berserker on Sept 25, 2015.
             Was a Priest of Trog.
             Killed by divine providence
             ... invoked by an orc priest
              (17 damage)
             ... on level 3 of the Dungeon.
             The game lasted 00:06:29 (2246 turns).

barthelm the Cutter (Kobold Berserker)              Turns: 2246, Time: 00:06:30

Health: -4/33      AC:  4    Str: 17    XL:     5   Next: 77%
Magic:  5/5        EV: 16    Int:  5    God:    Trog [***...]
Gold:   91         SH:  0    Dex: 15    Spells: 0 memorised, 4 levels left

rFire  . . .     SeeInvis .     a - +0 short sword
rCold  . . .     Clarity  .     d - +1 leather armour
rNeg   . . .     SustAt   +     (shield restricted)
rPois  .         Gourm    .     (no helmet)
rElec  .         Spirit   .     (no cloak)
rCorr  .         Warding  .     (no gloves)
rMut   .         Stasis   .     (no boots)
MR     .....                    (no amulet)
Stlth  ++........               (no ring)
                                k - ring of sustain attributes

@: exhausted, slowed, very slow, not resistant to hostile enchantments,
unstealthy
A: carnivore 3
a: Burn Spellbooks, Berserk, Trog's Hand, Renounce Religion


You were on level 3 of the Dungeon.
You worshipped Trog.
Trog was most pleased with you.
You were very full.

You visited 1 branch of the dungeon, and saw 3 of its levels.

You collected 91 gold pieces.

Inventory:

Hand weapons
 a - a +0 short sword (weapon)
Armour
 b - a +0 animal skin
 d - a +1 leather armour (worn)
Jewellery
 k - a ring of sustain attributes (left hand)
 l - an uncursed ring of invisibility {unknown}
 m - an uncursed amulet of guardian spirit {unknown}
 p - a cursed ring of teleportation {unknown}
Scrolls
 e - 2 scrolls of remove curse
 h - 2 scrolls of identify {unknown}
 i - a scroll of teleportation {unknown}
Potions
 f - 2 potions of degeneration {unknown}
 g - a potion of magic {unknown}
 j - a potion of resistance {unknown}
Comestibles
 c - 2 meat rations
 n - 3 slices of pizza
 o - 2 chunks of flesh


   Skills:
 + Level 4.1 Fighting
 + Level 5.0 Short Blades
 + Level 2.2 Armour
 + Level 4.6 Dodging
 + Level 1.1 Stealth


You had 4 spell levels left.
You didn't know any spells.

Dungeon Overview and Level Annotations

Branches:
Dungeon (3/15)

Altars:


Innate Abilities, Weirdness & Mutations

You are small and have problems with some larger weapons.
You are carnivorous and can eat meat at any time.


Message History

The orc priest is heavily wounded.
The orc priest hits you but does no damage.
You hit the orc priest but do no damage.
The orc priest is heavily wounded.
The orc priest barely misses you.
You hit the orc priest but do no damage.
The orc priest is heavily wounded.
The orc priest hits you but does no damage.
You closely miss the orc priest.
The orc priest is heavily wounded.
The orc priest misses you.
You hit the orc priest.
The orc priest is heavily wounded.
The orc priest hits you with a dagger. The orc priest misses you.
You hit the orc priest.
The orc priest is almost dead.
The orc priest calls down the wrath of Beogh upon you.
Something smites you!
Ouch! That really hurt!
You die...

#...###.##
##.....#
#.#$....##
#.....#
#........#
##...##
#........#
##.##
#........#
#.#
#.#...%.##
#.#
#.##[...#
#+#
#.......#
#####@###
#o# #.#
... #.#
#.# #..
###


You could see an orc priest.

Vanquished Creatures
  2 orc wizards (D:3)
  4 adders (D:3)
  2 worms
  12 orcs (D:3)
  4 goblins
  10 hobgoblins
  9 kobolds
  2 ball pythons
  6 bats
  2 giant cockroaches
  4 rats
57 creatures vanquished.

Notes
Turn   | Place    | Note
--------------------------------------------------------------
     0 | D:1      | barthelm the Kobold Berserker began the quest for the Orb.
     0 | D:1      | Reached XP level 1. HP: 14/14 MP: 1/1
   229 | D:1      | Reached XP level 2. HP: 19/19 MP: 2/2
   683 | D:2      | Reached XP level 3. HP: 3/24 MP: 3/3
  1039 | D:2      | Found a faded altar to an unknown god.
  1082 | D:2      | Acquired Trog's second power
  1497 | D:3      | Reached XP level 4. HP: 10/29 MP: 4/4
  1850 | D:3      | Reached skill level 1 in Stealth
  1854 | D:3      | Reached XP level 5. HP: 33/33 MP: 5/5
  2192 | D:3      | Reached skill level 5 in Short Blades
  2246 | D:3      | Killed from afar by an orc priest

Vault maps used:
D:1:      dpeg_arrival_radiant
D:2:      ecumenical_altar_1, minmay_distorted

Action                   |  1- 3 |  4- 6 || total
-------------------------+-------+-------++-------
Melee: Short sword       |   119 |   113 ||   232
Invok: Berserk           |       |     4 ||     4
  Use: Scroll            |     4 |       ||     4
 Stab: Sleeping          |     2 |       ||     2
       Distracted        |       |     1 ||     1
  Eat: Chunk             |     6 |    10 ||    16
